 Dungeon Crawl Stone Soup version 0.27-a0-562-g0d39f094a4 (webtiles) character file.

Game seed: 10922346927382846325

56 sahdkjhfkaj the Insei (level 3, -1/24 HPs)
             Began as an Octopode Transmuter on Mar 9, 2021.
             Succumbed to a water moccasin's poison
             ... on level 2 of the Dungeon.
             The game lasted 00:01:56 (2224 turns).

sahdkjhfkaj the Insei (Octopode Transmuter)         Turns: 2224, Time: 00:01:57

Health: -1/24      AC:  1    Str: 10    XL:     3   Next: 97%
Magic:  6/6        EV: 13    Int: 15    God:
Gold:   91         SH:  0    Dex: 12    Spells: 2/6 levels left

rFire    . . .     SeeInvis .     - Unarmed
rCold    . . .     Faith    .   (no shield)
rNeg     . . .     Spirit   .   (helmet currently unavailable)
rPois    .         Reflect  .   (no amulet)
rElec    .         Harm     .   (no ring)
rCorr    .         Rampage  .   (no ring)
Will     .....                  (no ring)
Stlth    +++.......             (no ring)
HPRegen  0.08/turn              (no ring)
MPRegen  0.10/turn              (no ring)
                                (no ring)
                                (no ring)

@: lethally poisoned (-1 -> -31), appendages (expiring), attractive
A: almost no armour, amphibious, 8 rings, constrict 8, tentacle spike 3,
camouflage 1, gelatinous body 1, nimble swimmer 1
a: End Transformation


You were on level 2 of the Dungeon.
One of your tentacles had a temporary spike.
You visited 1 branch of the dungeon, and saw 2 of its levels.

You collected 91 gold pieces.

Inventory:

Jewellery
 b - a ring of poison resistance
 c - a ring of protection from fire
Scrolls
 a - a scroll of identify {unknown}
 d - a scroll of enchant armour {unknown}
 f - a scroll of fear {unknown}
 i - a scroll of noise {unknown}


   Skills:
 - Level 2.0 Fighting
 - Level 2.0 Dodging
 - Level 2.0 Stealth
 - Level 4.0 Unarmed Combat
 - Level 2.0 Spellcasting
 - Level 2.0 Transmutations
 + Level 0.5 Poison Magic


You had 2 spell levels left.
You knew the following spells:

 Your Spells              Type           Power      Damage    Failure   Level
a - Beastly Appendage     Tmut           14%        N/A       10%         1
x - Spider Form           Tmut/Pois      2%         N/A       36%         3

Your spell library contained the following spells:

 Spells                   Type           Power      Damage    Failure   Level
 Wereblood                Tmut           7%         N/A       14%         2
 Ice Form                 Ice/Tmut       4%         N/A       82%         4
 Blade Hands              Tmut           3%         N/A       95%         5


Dungeon Overview and Level Annotations

Branches:
Dungeon (2/15)

Altars:


Innate Abilities, Weirdness & Mutations

You cannot wear most types of armour.
You are amphibious.
You can wear up to eight rings at the same time.
You can use your tentacles to constrict eight enemies at once.
Your skin changes colour to match your surroundings (Stealth+).
Your rubbery body absorbs attacks. (AC +1, EV +1)
You are stealthy while swimming. (Stealth+)
One of your tentacles bears a large vicious spike.


Message History

Your transformation is almost over.
Things that are here:
a +0 dagger; a goblin corpse Your tentacle spike disappears.
You see here a +0 hand axe.
You now have 91 gold pieces (gained 13).
A water moccasin comes into view.
The water moccasin hisses angrily.
A water moccasin is nearby!
A water moccasin is nearby!
A water moccasin is nearby!
One of your tentacles grows a vicious spike.
You tentacle-slap the water moccasin but do no damage.
Your grab misses the water moccasin. The water moccasin bites you.
The water moccasin barely misses you.
You barely miss the water moccasin. You grab the water moccasin.
You squeeze the water moccasin.
The water moccasin is lightly wounded.
You constrict the water moccasin. The water moccasin closely misses you.
It was a potion of magic.
Magic courses through your body.
You constrict the water moccasin, but do no damage.
The water moccasin bites you.
You are poisoned.
The water moccasin poisons you! The water moccasin bites you!
It was a potion of curing.
You feel better.
You constrict the water moccasin. The water moccasin bites you.
You are lethally poisoned!
The water moccasin poisons you!
It was a potion of attraction.
You feel attractive to monsters.
You constrict the water moccasin.
You feel sick. The water moccasin bites you!
* * * LOW HITPOINT WARNING * * *
You are more poisoned.
The water moccasin poisons you!
You barely miss the water moccasin.
You pierce the water moccasin.
Your squeeze misses the water moccasin.
The water moccasin is severely wounded.
Your transformation is almost over.
You constrict the water moccasin.
You die...

#.# .......<... #.#
####.##.### #.# #..
#.# #### #.# #.#
#.##############
#.#............#
#####.#.#####@.....#
###.......# #S.....#
#.........# #......#
#.#.......# #......#
#.......# #......#
#######.# #......#
#.# #.###### #.# #.#
#.#


You could see a water moccasin.

Vanquished Creatures
  A gnoll (D:1)
  An adder (D:2)
  An ooze (D:2)
  A worm (D:2)
  A leopard gecko (D:2)
  2 ball pythons
  2 bats (D:1)
  5 goblins
  A hobgoblin (D:2)
  4 jackals
  3 kobolds
  4 frilled lizards
  2 rats
28 creatures vanquished.

Vanquished Creatures (others)
  2 plants (D:2)
2 creatures vanquished.

Grand Total: 30 creatures vanquished

Notes
Turn   | Place    | Note
-------+----------+-------------------------------------------
     0 | D:1      | sahdkjhfkaj the Octopode Transmuter began the quest for the
                  | Orb.
     0 | D:1      | Reached XP level 1. HP: 13/13 MP: 3/3
    52 | D:1      | Reached skill level 1 in Stealth
   285 | D:1      | Reached XP level 2. HP: 7/18 MP: 3/5
   770 | D:1      | Reached XP level 3. HP: 5/24 MP: 4/6
  1916 | D:2      | Learned a level 3 spell: Spider Form
  1926 | D:2      | Reached skill level 4 in Unarmed Combat
  2216 | D:2      | Noticed a water moccasin
  2223 | D:2      | HP: 1/24 [water moccasin (9)]
  2224 | D:2      | Succumbed to a water moccasin's poison

Illustrated notes

Levels and vault maps discovered:
D:1:      saegor_arrival_under_anarchy, layout_loops_cross, minmay_crystal_room,
          minmay_misc_feat_chi
D:2:      minmay_roachtagon, layout_basic, serial_bayou, serial_bayou_shore_b,
          serial_bayou_lake_a, serial_bayou_shore_b, serial_bayou_shore_b

Skill      XL: |  1  2  3 |
---------------+----------+-----
Stealth        | 2 |  2.0
Fighting       | 2 |  2.0
Unarmed Combat | 4 |  4.0
Dodging        | |  2.0
Spellcasting   | |  2.0
Transmutations | |  2.0
Poison Magic   | |  0.5

Action                   || total
-------------------------++-------
Melee: Unarmed           ||    56
       Constrict         ||    19
       Tentacles         ||    14
       Kick              ||    15
       Punch             ||     2
 Cast: Beastly Appendage ||    24
  Use: Potion            ||     3
 Stab: Sleeping          ||     9
Armor: Skin              ||     1
Dodge: Dodged            ||    34

Table legend: (Time is in decaauts)
 A = Elapsed time spent in this place.
 B = Non-inter-level travel time spent in this place.
 C = Inter-level travel time spent in this place.
 D = Time resting spent in this place.
 E = Time spent auto-exploring this place.
 F = Levels seen in this place.
 G = Mean time per level.
                   A        B        C        D        E       F      G
               +--------+--------+--------+--------+--------+-----+--------+
         Total |   2220 |   2167 |     53 |      0 |   1969 |   2 | 1110.0 |
       Dungeon |   2220 |   2167 |     53 |      0 |   1969 |   2 | 1110.0 |
               +--------+--------+--------+--------+--------+-----+--------+

Top non-repeatable levels by time:
     D:1: 1369 daAuts
     D:2: 850 daAuts
